 Seeded DCSS version 0.29-a0-375-g5102b3be25 (webtiles) character file.

Game seed: 12277325093202877910 (custom seed)

11797 zeratav the Markstengu (level 11, -10/68 HPs)
             Began as a Tengu Hunter on May 3, 2022.
             Was an Elder of Dithmenos.
             Mangled by Donald
             ... wielding a +1 demon trident of electrocution
              (19 damage)
             ... on level 2 of the Orcish Mines.
             The game lasted 00:19:46 (8099 turns).

zeratav the Markstengu (Tengu Hunter)               Turns: 8099, Time: 00:19:47

Health: -10/68     AC: 25    Str: 14    XL:     11   Next: 83%
Magic:  12/12      EV: 21    Int:  9    God:    Dithmenos [****..]
Gold:   2086       SH:  5    Dex: 28    Spells: 10/10 levels left

rFire   + . .      SeeInvis .   q - +8 longbow of Bitsepti {venom, Will+ Str+2, bow}
rCold   . . .      Faith    .   (shield currently unavailable)
rNeg    . . .      Spirit   .   L - +8 ring mail "Fixzy" {rF+ Regen+ Stlth+}
rPois   .          Reflect  +   U - +2 hat
rElec   .          Harm     .   b - +0 cloak
rCorr   .          Rampage  .   M - +2 pair of gloves {hurl}
Will    +....                   (boots unavailable)
Stlth   ++++......              A - amulet of reflection
HPRegen 1.01/turn               i - +4 ring of protection
MPRegen 0.13/turn               a - +6 ring of dexterity

@: flying quickly and evasively, wreathed by umbra, quick
A: beak, talons 3, nimble flight
a: Renounce Religion, Shadow Step


You were on level 2 of the Orcish Mines.
You worshipped Dithmenos.
Dithmenos was greatly pleased with you.
You visited 3 branches of the dungeon, and saw 13 of its levels.

You collected 2446 gold pieces.
You spent 360 gold pieces at shops.


Innate Abilities, Weirdness & Mutations

You have a beak for a mouth.
You have claws for feet.
Your magical nature lets you fly swiftly and evasively.


   Skills:
 - Level 8.0 Fighting
 + Level 15.2 Bows
 - Level 8.0 Armour
 - Level 8.0 Dodging
 - Level 1.0 Stealth


You had 10 spell levels left.
You didn't know any spells.
Your spell library contained the following spells:

 Spells                   Type           Power      Damage    Failure   Level
 Magic Dart               Conj           0%         1d3       58%         1
 Pain                     Necr           0%         1d4       58%         1
 Searing Ray              Conj           0%         2d4       73%         2
 Fulminant Prism          Conj/Hex       0%         3d6       100%        4
 Leda's Liquefaction      Hex/Erth       0%         N/A       100%        4
 Agony                    Necr           0%         N/A       100%        5
 Excruciating Wounds      Necr           0%         N/A       100%        5
 Lee's Rapid Deconstruct  Erth           0%         3d5*      100%        5
 Statue Form              Tmut/Erth      0%         N/A       100%        6

Inventory:

Hand Weapons
 q - the +8 longbow of Bitsepti (weapon) {venom, Will+ Str+2, bow}
   (You acquired it on level 3 of the Dungeon)

   Any ammunition fired from it poisons the flesh of those it strikes.
   Str:       It affects your strength (+2).
   Will:      It increases your willpower.
Armour
 b - a +0 cloak (worn)
   (You found it on level 7 of the Dungeon)
 f - a +0 scale mail
   (You took it off an orc on level 1 of the Orcish Mines)
 j - a +2 robe of cold resistance
   (You took it off Fannar on level 1 of the Orcish Mines)
 L - the +8 ring mail "Fixzy" (worn) {rF+ Regen+ Stlth+}
   (You found it on level 5 of the Dungeon)

   rF:        It protects you from fire.
   Regen:     It increases your rate of health regeneration.
   Stlth:     It makes you more stealthy.
 M - a +2 pair of gloves of hurling (worn)
   (You found it on level 8 of the Dungeon)
 O - a +0 ring mail
   (You took it off an orc on level 2 of the Orcish Mines)
 P - a +1 leather armour of fire resistance
   (You took it off Duvessa on level 7 of the Dungeon)
 R - a +0 chain mail
   (You took it off an orc warrior on level 2 of the Orcish Mines)
 U - a +2 hat (worn)
   (You found it on level 7 of the Dungeon)
Jewellery
 a - a +6 ring of dexterity (right hand)
   (You took it off a gnoll on level 7 of the Dungeon)
 d - a ring of positive energy
   (You found it on level 5 of the Dungeon)
 i - a +4 ring of protection (left hand)
   (You found it on level 1 of the Dungeon)
 m - a ring of ice
   (You took it off Fannar on level 1 of the Orcish Mines)
 v - a ring of poison resistance
   (You found it on level 3 of the Dungeon)
 z - a ring of willpower
   (You found it on level 7 of the Dungeon)
 A - an amulet of reflection (around neck)
   (You bought it in a shop on level 8 of the Dungeon)
 H - a ring of see invisible
   (You found it on level 7 of the Dungeon)
 N - a ring of protection from fire
   (You found it on level 9 of the Dungeon)
Wands
 n - a wand of iceblast (8)
   (You found it on level 2 of the Dungeon)
 G - a wand of digging (2)
   (You found it on level 8 of the Dungeon)
 I - a wand of paralysis (10)
   (You took it off an orc priest on level 5 of the Dungeon)
 K - a wand of flame (15)
   (You found it on level 5 of the Dungeon)
 Q - a wand of polymorph (32)
   (You found it on level 6 of the Dungeon)
Scrolls
 c - a scroll of immolation {!r!r}
 g - 3 scrolls of teleportation {@r4}
 h - 3 scrolls of poison {!r}
 l - a scroll of brand weapon
 r - 2 scrolls of amnesia
 s - 2 scrolls of fog
 x - 2 scrolls of fear
 y - 4 scrolls of vulnerability {!r!r}
 B - a scroll of magic mapping {!r}
 C - a scroll of silence {!r}
 F - a scroll of blinking {!r}
 Z - a scroll of enchant weapon
Potions
 e - 2 potions of attraction {!q}
 k - 2 potions of invisibility {unknown}
 o - 3 potions of heal wounds {@q2}
 p - a potion of might {unknown}
 t - a potion of resistance {unknown}
 u - 2 potions of mutation {unknown}
 w - 6 potions of curing {@q1}
 D - a potion of berserk rage {unknown}
 E - a potion of haste {unknown}
 J - a potion of degeneration {unknown}
 W - a potion of cancellation {unknown}

Dungeon Overview and Level Annotations

Branches:
Dungeon (10/15)            Temple (1/1) D:4             Orc (2/2) D:10
   Lair: D:8-11         Elf: Orc:2

Altars:
Ashenzari
Cheibriados
Dithmenos
Elyvilon
Fedhas
Gozag
Hepliaklqana
Kikubaaqudgha
Makhleb
Nemelex Xobeh
Okawaru
Qazlal
Ru
Sif Muna
Trog
Uskayaw
Vehumet
Wu Jian
Xom
Yredelemnul
Zin
The Shining One

Shops:
D:8 (=[*:

Annotations:
Orc:2 Donald

......##....# .....$.....
.#.....@..# .... #.####
..... ###§#.##
.....##..°§○.#
.......@.§#.##
......§§§###.###
.......@##.....##
......§§§.......#
.........#.#...##
...............#...#
.............#.###.##
............#### ###
..................######
..................#.##.##
.#.................<....#


You could see Donald (fast, strong, extremely poisoned).


Message History

Press: ? - help, Q - select action, (/) - cycle Shift-Dir - straight line, f - gnoll, p - Donald
Aim: a gnoll, wielding a +0 spear (79% to hit)
You shoot an arrow. The arrow closely misses the gnoll.
Shoot: q) +8 longbow of Bitsepti {venom, Will+ Str+2, bow}
Press: ? - help, Q - select action, (/) - cycle Shift-Dir - straight line, f/p - gnoll
Aim: a gnoll, wielding a +0 spear (umbra, 79% to hit)
You shoot an arrow. The arrow hits the gnoll!!
You kill the gnoll!
Dithmenos accepts your kill.
Donald gestures wildly while chanting.
Donald seems to speed up.
An orc comes into view. It is wielding a +0 dagger.
Shoot: q) +8 longbow of Bitsepti {venom, Will+ Str+2, bow}
Press: ? - help, Q - select action, (/) - cycle Shift-Dir - straight line, f - Donald
Aim: Donald, wielding a +1 demon trident of electrocution, wearing a +0 chain mail and wearing a +0 kite shield of reflection (fast, poisoned, umbra, 83% to hit)
You shoot an arrow. The arrow barely misses Donald.
Donald says, "Why is it so dark?
Have they never heard of torches?"
Shoot: q) +8 longbow of Bitsepti {venom, Will+ Str+2, bow}
Press: ? - help, Q - select action, (/) - cycle Shift-Dir - straight line, f/p - Donald
Aim: Donald, wielding a +1 demon trident of electrocution, wearing a +0 chain mail and wearing a +0 kite shield of reflection (fast, poisoned, umbra, 83% to hit)
You shoot an arrow. The arrow hits Donald!
Donald says, "What do they mine anyway?
I've never seen them mine anything."
Donald casts a spell.
Donald seems to grow stronger.
Really read
h - 4 scrolls of poison {!r}?
Really read the scroll of poison?
The air fills with toxic fumes!
As you read the scroll of poison {!r}, it crumbles to dust.
Donald hits you from afar with a +1 demon trident of electrocution!
HP[-14]
You take 14 damage, and now have 54/68 hp.
MASSIVE DAMAGE!! (PAUSE) Shoot: q) +8 longbow of Bitsepti {venom, Will+ Str+2, bow}
Press: ? - help, Q - select action, (/) - cycle Shift-Dir - straight line, f/p - Donald
Aim: Donald, wielding a +1 demon trident of electrocution, wearing a +0 chain mail and wearing a +0 kite shield of reflection (lightly wounded, fast, strong, poisoned, umbra, 83% to hit)
You shoot an arrow. The arrow hits Donald!!
Donald looks as sick as possible!
Donald closely misses you.
Donald hits you from afar with a +1 demon trident of electrocution!!
* * * LOW HITPOINT WARNING * * *
The orc is engulfed in poison gas.
The orc is poisoned.
You kill the orc!
Dithmenos accepts your kill.
HP[-23]
You take 23 damage, and now have 31/68 hp.
MASSIVE DAMAGE!! (PAUSE) Really fly into that cloud of poison gas?
You are engulfed in poison gas.
You are poisoned.
* * * LOW HITPOINT WARNING * * *
You feel very sick.
Donald says, "Sounds like you're dealing with a pretty shady god there."
HP[-8]
You take 8 damage, and now have 23/68 hp.
You feel very sick.
HP[-3]
You take 3 damage, and now have 20/68 hp.
You feel very sick.
Donald is engulfed in poison gas.
Donald looks as sick as possible!
Donald closely misses you.
HP[-2]
You take 2 damage, and now have 18/68 hp.
You feel sick.
Donald is engulfed in poison gas.
Donald looks as sick as possible!
Donald says, "Orcs smell really bad.
Yuck."
HP[-1]
You take 1 damage, and now have 17/68 hp.
You feel sick.
Donald hits you from afar with a +1 demon trident of electrocution!
* * * LOW HITPOINT WARNING * * *
HP[-13]
You take 13 damage, and now have 4/68 hp.
You feel much better.
You feel sick. Donald completely misses you.
HP[+28]
You regained 28 hp, and now have 32/68 hp.
You feel better.
Donald says, "The other people here are really rude."
Donald hits you but does no damage. Donald barely misses you.
HP[+10]
You regained 10 hp, and now have 42/68 hp.
Okay, then.
Shoot: q) +8 longbow of Bitsepti {venom, Will+ Str+2, bow}
Press: ? - help, Q - select action, (/) - cycle Shift-Dir - straight line, f/p - Donald
Aim: Donald, wielding a +1 demon trident of electrocution, wearing a +0 chain mail and wearing a +0 kite shield of reflection (heavily wounded, fast, strong, extremely poisoned, umbra, 83% to hit)
You shoot an arrow.
Donald reflects the arrow off his +0 kite shield of reflection!
The arrow hits you but does no damage.
Donald says, "I'll never be able to carry all this gold!
I hate that."
Donald hits you but does no damage.
HP[+1] Shoot: q) +8 longbow of Bitsepti {venom, Will+ Str+2, bow}
Press: ? - help, Q - select action, (/) - cycle Shift-Dir - straight line, f/p - Donald
Aim: Donald, wielding a +1 demon trident of electrocution, wearing a +0 chain mail and wearing a +0 kite shield of reflection (heavily wounded, fast, strong, extremely poisoned, umbra, 83% to hit)
You shoot an arrow.
Donald reflects the arrow off his +0 kite shield of reflection!
The arrow hits you!
Donald hits you from afar with a +1 demon trident of electrocution!!
* * * LOW HITPOINT WARNING * * *
You emit a cloud of dark smoke.
You are electrocuted!!
You die...

Skill      XL: |  1  2  3  4  5  6  7  8  9 10 11 |
---------------+----------------------------------+-----
Bows           | 5 6 7 8 10 12 15 | 15.2
Armour         | 4 8 |  8.0
Fighting       | 5 8 |  8.0
Dodging        | 8 |  8.0
Stealth        | |  1.0

Action                   |  1- 3 |  4- 6 |  7- 9 | 10-12 || total
-------------------------+-------+-------+-------+-------++-------
 Fire: Shortbow          |    71 |     3 |       |       ||    74
       Longbow           |       |    48 |   189 |   240 ||   477
  Use: Scroll            |       |     1 |     5 |    15 ||    21
       Potion            |       |       |       |     2 ||     2
Armor: Leather armour    |     2 |       |    31 |       ||    33
       Ring mail         |       |       |       |    40 ||    40
Dodge: Dodged            |    10 |     3 |    56 |   125 ||   194
Block: Other             |       |       |       |    25 ||    25
       Reflection        |       |       |       |     1 ||     1

Levels and vault maps discovered:
D:1:      tarquinn_simple_flora_water_e, layout_basic, basic_ecumenical_altar,
          nicolae_concentric_dashed_squares_wild
D:2:      layout_basic
D:3:      layout_loops_ring
D:4:      layout_loops_corners, minmay_temple_entry_sparse_star
D:5:      layout_basic, mainiacjoe_overflow_six_doors_small
D:6:      layout_rooms
D:7:      layout_gridville, uniq_duvessa
D:8:      layout_loops_ring, serial_shops, shop, shop,
          nicolae_shop_bloodbath_and_beyond, nicolae_shop_crystal, shop,
          uniq_grum
D:9:      cheibrodos_steamvent, layout_basic, serial_corexii_hall,
          corexii_hall_statues_i, corexii_hall_statues_i, roderic_lattice_a,
          minmay_misc_feat_alley, uniq_harold
D:10:     layout_long_grid, dpeg_lair_monsters, zombieorc1_lemuel
Temple:   dpeg_three_leaves_temple
Orc:1:    layout_diamond_mine, nicolae_orc_stony_grotto, mines1_david,
          uniq_fannar, uniq_josephine
Orc:2:    grunt_orc_tribal_feast, layout_caves, uniq_erolcha, uniq_donald,
          uniq_saint_roka

Notes
Turn   | Place    | Note
-------+----------+-------------------------------------------
     0 | D:1      | zeratav the Tengu Hunter began the quest for the Orb.
     0 | D:1      | Reached XP level 1. HP: 12/12 MP: 2/2
     0 | D:1      | magus.rc [v1.9.6]
   201 | D:1      | Reached skill level 5 in Bows
   201 | D:1      | Reached XP level 2. HP: 7/17 MP: 3/3
   555 | D:1      | Reached XP level 3. HP: 21/21 MP: 4/4
   783 | D:1      | Found a faded altar of an unknown god.
  1585 | D:3      | Reached skill level 6 in Bows
  1586 | D:3      | Reached XP level 4. HP: 26/26 MP: 5/5
  1600 | D:3      | Identified a scroll of acquirement
  1600 | D:3      | Acquired the +8 longbow of Bitsepti {venom, Will+ Str+2}
  1733 | D:3      | Noticed a bullfrog
  1735 | D:3      | Killed a bullfrog
  1736 | D:3      | Gained mutation: Your magical nature lets you fly swiftly
                  | and evasively. [Tengu growth]
  1736 | D:3      | Reached XP level 5. HP: 30/30 MP: 6/6
  1920 | D:3      | Reached skill level 7 in Bows
  2241 | D:4      | Found a staircase to the Ecumenical Temple.
  2253 | Temple   | Entered the Ecumenical Temple
  2324 | Temple   | Became a worshipper of Dithmenos the Shadowed
  2384 | D:4      | Reached XP level 6. HP: 35/35 MP: 7/7
  2462 | D:4      | You pick up a book of Pain and begin reading...
  2462 | D:4      | You add the spells Pain, Agony and Excruciating Wounds to
                  | your library.
  2533 | D:4      | Reached skill level 8 in Bows
  2654 | D:4      | Noticed a black bear
  2658 | D:4      | Killed a black bear
  2998 | D:4      | Reached XP level 7. HP: 40/40 MP: 8/8
  2999 | D:4      | Reached skill level 9 in Bows
  3148 | D:5      | Entered Level 5 of the Dungeon
  3217 | D:5      | Found a stormy altar of Qazlal.
  3279 | D:5      | Reached skill level 10 in Bows
  3319 | D:5      | Reached * piety under Dithmenos
  3326 | D:5      | Reached XP level 8. HP: 22/44 MP: 9/9
  3544 | D:5      | Reached skill level 11 in Bows
  3645 | D:5      | Identified the +8 ring mail "Fixzy" {rF+ Regen+ Stlth+}
  3960 | D:5      | Reached skill level 12 in Bows
  3960 | D:5      | Reached skill level 1 in Armour
  3964 | D:5      | Reached skill level 3 in Armour
  4126 | D:5      | Reached skill level 4 in Armour
  4128 | D:5      | Reached XP level 9. HP: 32/48 MP: 10/10
  4234 | D:6      | Reached skill level 5 in Armour
  4238 | D:6      | HP: 7/48 [wight/+1 falchion of freezing (9)]
  4238 | D:6      | HP: 3/46 [wight/+1 falchion of freezing (1)]
  4539 | D:6      | Reached ** piety under Dithmenos
  4540 | D:6      | Reached skill level 6 in Armour
  4599 | D:6      | Reached skill level 7 in Armour
  4876 | D:6      | Identified the +10 hand axe of the Warrior-Mage {drain, rF+
                  | rC+ Int+2}
  5000 | D:7      | Noticed a hornet
  5006 | D:6      | Reached skill level 8 in Armour
  5140 | D:7      | Reached skill level 3 in Fighting
  5188 | D:7      | Reached skill level 4 in Fighting
  5296 | D:7      | Killed a hornet
  5297 | D:7      | Reached skill level 5 in Fighting
  5307 | D:7      | Reached XP level 10. HP: 52/60 MP: 11/11
  5326 | D:7      | Identified the +8 rapier of Pydanur {protect, rC+ SInv}
  5328 | D:7      | Identified the +7 flail "Dotuka" {venom, Fly rF+ Int+4}
  5359 | D:7      | Noticed Dowan
  5360 | D:7      | Noticed Duvessa
  5361 | D:7      | Killed Dowan
  5361 | D:7      | Reached *** piety under Dithmenos
  5362 | D:7      | Reached skill level 6 in Fighting
  5368 | D:7      | Killed Duvessa
  5509 | D:7      | You pick up a book of the Earth and begin reading...
  5509 | D:7      | You add the spells Leda's Liquefaction, Lee's Rapid
                  | Deconstruction and Statue Form to your library.
  5523 | D:7      | Identified the +6 chain mail of the King of the Hill
                  | {Rampage}
  5591 | D:7      | Reached skill level 7 in Fighting
  5753 | D:8      | Found Paxutar's Book Emporium.
  5823 | D:8      | Found Reinweu's General Store.
  5851 | D:8      | Reached skill level 8 in Fighting
  5853 | D:8      | Noticed Grum
  5857 | D:8      | Killed Grum
  5858 | D:8      | Reached skill level 3 in Dodging
  5923 | D:8      | Found Pagat's Antique Armour Shoppe.
  5948 | D:8      | Reached skill level 4 in Dodging
  6020 | D:8      | Found Vuplax's Weapon Emporium.
  6247 | D:8      | Found Acsaikutt's Jewellery Shoppe.
  6250 | D:8      | Bought an amulet of reflection for 360 gold pieces
  6466 | D:9      | Reached skill level 5 in Dodging
  6529 | D:9      | You pick up a book of Conjurations {@e2} and begin
                  | reading...
  6529 | D:9      | You add the spells Magic Dart, Searing Ray and Fulminant
                  | Prism to your library.
  6540 | D:9      | Noticed Harold
  6548 | D:9      | Killed Harold
  6549 | D:9      | Reached skill level 7 in Dodging
  6835 | D:9      | Noticed a five-headed hydra
  6846 | D:9      | Killed a five-headed hydra
  6847 | D:9      | Reached skill level 8 in Dodging
  6847 | D:9      | Reached XP level 11. HP: 30/68 MP: 12/12
  7274 | D:10     | Entered Level 10 of the Dungeon
  7297 | D:10     | Acquired 1314 gold pieces
  7446 | D:10     | Found a staircase to the Orcish Mines.
  7458 | D:10     | Reached **** piety under Dithmenos
  7530 | D:10     | Reached skill level 13 in Bows
  7564 | Orc:1    | Entered Level 1 of the Orcish Mines
  7584 | Orc:1    | Noticed an orc sorcerer
  7586 | Orc:1    | Killed an orc sorcerer
  7590 | Orc:1    | Noticed an orc high priest
  7591 | Orc:1    | Noticed Fannar
  7598 | Orc:1    | Killed an orc high priest
  7599 | Orc:1    | Reached skill level 14 in Bows
  7632 | Orc:1    | Killed Fannar
  7801 | Orc:2    | Entered Level 2 of the Orcish Mines
  7801 | Orc:2    | Noticed a two-headed ogre
  7842 | Orc:1    | Killed a two-headed ogre
  7963 | Orc:1    | Reached skill level 15 in Bows
  8083 | Orc:2    | Noticed Donald
  8094 | Orc:2    | HP: 17/68 [poisoned by you (poison gas)]
  8095 | Orc:2    | HP: 4/68 [Donald/+1 demon trident of electrocution (13)]
  8099 | Orc:2    | Mangled by Donald

Vanquished Creatures
  Fannar (Orc:1)
  Harold (D:9)
  A hydra (D:9)
  A two-headed ogre (Orc:1)
  An orc high priest (Orc:1)
  An orc sorcerer (Orc:1)
  2 trolls
  2 hornets
  A shadow (D:10)
  A wyvern (D:8)
  6 yaks (D:10)
  Grum (D:8)
  4 steam dragons
  A warg (Orc:1)
  2 acid dragons
  A water moccasin (D:7)
  Duvessa (D:7)
  2 ice beasts
  6 orc warriors
  7 ogres
  2 sky beasts
  3 black bears
  2 centaurs (D:9)
  2 wolves (D:8)
  4 phantoms
  2 gnoll sergeants
  3 necrophages
  3 scorpions
  4 bullfrogs
  5 wights
  Dowan (D:7)
  2 troll zombies (D:10)
  4 killer bees (D:7)
  A howler monkey (D:6)
  7 hounds
  3 jellies
  2 gnoll shamans
  12 orc priests
  5 iguanas
  10 orc wizards
  3 ogre zombies (D:10)
  21 gnolls
  3 adders
  A white imp (D:5)
  3 dart slugs
  18 orcs
  9 endoplasms
  4 giant cockroaches
  5 goblins
  3 hobgoblins
  9 jackals
  3 ball pythons
  6 bats
  4 frilled lizards
  3 goblin zombies (D:10)
  A hobgoblin skeleton (D:10)
  8 kobolds
  An orc skeleton (D:10)
  8 orc zombies (D:10)
  5 rats
238 creatures vanquished.

Table legend:
 A = Non-vault XP
 B = Vault XP
 C = Vault XP percentage of total XP
 D = Non-vault monster count
 E = Vault monster count
 F = Vault count percentage of total count
                 A         B        C        D         E       F
            +---------+---------+-------+---------+---------+-------
      Total |   13417 |    3436 |  20.4 |     207 |      31 |  13.0
            +---------+---------+-------+---------+---------+-------
        D:1 |      52 |       0 |   0.0 |      24 |       0 |   0.0
        D:2 |      16 |       0 |   0.0 |       7 |       0 |   0.0
        D:3 |     131 |       0 |   0.0 |      16 |       0 |   0.0
        D:4 |     485 |       0 |   0.0 |      26 |       0 |   0.0
        D:5 |    1591 |       0 |   0.0 |      30 |       0 |   0.0
        D:6 |    1368 |       0 |   0.0 |      29 |       0 |   0.0
        D:7 |    1720 |     218 |  11.2 |      25 |       2 |   7.4
        D:8 |    1129 |     418 |  27.0 |      10 |       3 |  23.1
        D:9 |    1655 |    1229 |  42.6 |       6 |       3 |  33.3
       D:10 |    1207 |     685 |  36.2 |       6 |      22 |  78.6
      Orc:1 |    3736 |     886 |  19.2 |      20 |       1 |   4.8
      Orc:2 |     327 |       0 |   0.0 |       8 |       0 |   0.0
            +---------+---------+-------+---------+---------+-------

Illustrated notes

Table legend:
 A = Kills in this place as a percentage of kills in entire the game.
 B = Kills by you in this place as a percentage of kills by you in the entire game.
 C = Kills by friends in this place as a percentage of kills by friends in the entire game.
 D = Other kills in this place as a percentage of other kills in the entire game.
 E = Experience gained in this place as a percentage of experience gained in the entire game.
 F = Experience gained in this place divided by the number of levels of this place that you have seen.
                   A       B       C       D       E      F
               +-------+-------+-------+-------+-------+----------------------
         Total | 100.0 | 100.0 |   N/A |   N/A | 100.0 | 1296.4
       Dungeon |  87.8 |  87.8 |   N/A |   N/A |  70.6 | 1190.4
  Orcish Mines |  12.2 |  12.2 |   N/A |   N/A |  29.4 | 2474.5
               +-------+-------+-------+-------+-------+----------------------

Table legend: (Time is in decaauts)
 A = Elapsed time spent in this place.
 B = Non-inter-level travel time spent in this place.
 C = Inter-level travel time spent in this place.
 D = Time resting spent in this place.
 E = Time spent auto-exploring this place.
 F = Levels seen in this place.
 G = Mean time per level.
                   A        B        C        D        E       F      G
               +--------+--------+--------+--------+--------+-----+--------+
         Total |   7835 |   7560 |    275 |    929 |   5248 |  13 |  602.7 |
       Dungeon |   7243 |   7000 |    243 |    829 |   5025 |  10 |  724.3 |
        Temple |     73 |     59 |     14 |      0 |     49 |   1 |   73.0 |
  Orcish Mines |    519 |    503 |     16 |    100 |    173 |   2 |  259.5 |
               +--------+--------+--------+--------+--------+-----+--------+

Top non-repeatable levels by time:
     D:5: 1328 daAuts
     D:1: 1148 daAuts
     D:4: 863 daAuts
     D:8: 717 daAuts
     D:9: 712 daAuts
     D:6: 628 daAuts
     D:7: 563 daAuts
     D:3: 534 daAuts
     D:2: 450 daAuts
   Orc:1: 397 daAuts
    D:10: 294 daAuts
   Orc:2: 121 daAuts
  Temple: 73 daAuts
